 Dungeon Crawl Stone Soup version 0.21.1-1-g345015f (webtiles) character file.

135 infcreate the Shield-Bearer (level 4, -4/40 HPs)
             Began as a Minotaur Fighter on May 1, 2018.
             Killed from afar by an orc wizard (11 damage)
             ... with a magic dart
             ... on level 3 of the Dungeon.
             The game lasted 00:11:54 (2386 turns).

infcreate the Shield-Bearer (Minotaur Fighter)      Turns: 2386, Time: 00:11:55

Health: -4/40      AC:  8    Str: 21    XL:     4   Next: 97%
Magic:  3/3        EV: 11    Int:  5    God:
Gold:   149        SH: 10    Dex: 12    Spells: 3/3 levels left

rFire    . . .     SeeInvis .   a - +0 war axe
rCold    . . .     Gourm    .   c - +0 shield
rNeg     . . .     Faith    .   b - +0 scale mail
rPois    .         Spirit   .   (helmet restricted)
rElec    .         Reflect  .   (no cloak)
rCorr    .         Harm     .   k - +0 pair of gloves
MR       .....                  (no boots)
Stlth    ..........             (no amulet)
HPRegen  0.13/turn              s - +4 ring of evasion
MPRegen  0.08/turn              o - +2 ring of dexterity

@: no status effects
A: retaliatory headbutt, horns 2
a: no special abilities


You were on level 3 of the Dungeon.
You were not hungry.

You visited 1 branch of the dungeon, and saw 3 of its levels.

You collected 149 gold pieces.

Inventory:

Hand Weapons
 a - a +0 war axe (weapon)
Armour
 b - a +0 scale mail (worn)
 c - a +0 shield (worn)
 k - a +0 pair of gloves (worn)
Jewellery
 e - an uncursed ring of ice
 o - a +2 ring of dexterity (right hand)
 r - an uncursed ring of stealth {unknown}
 s - a +4 ring of evasion (left hand)
Scrolls
 h - a scroll of magic mapping {unknown}
 i - 5 scrolls of identify {unknown}
 j - 3 scrolls of teleportation {unknown}
 l - a scroll of noise {unknown}
Potions
 d - a potion of might
 g - 2 potions of curing {unknown}
 m - 3 potions of degeneration {unknown}
 n - a potion of agility {unknown}
 p - 2 potions of heal wounds {unknown}
 q - a potion of brilliance {unknown}
Comestibles
 f - 5 rations


   Skills:
 + Level 4.2 Fighting
 + Level 4.3 Axes
 + Level 4.5 Armour
 + Level 4.6 Shields


You had 3 spell levels left.
You didn't know any spells.

Dungeon Overview and Level Annotations

Branches:
Dungeon (3/15)

Altars:
Elyvilon
Nemelex Xobeh


Innate Abilities, Weirdness & Mutations

You reflexively headbutt those who attack you in melee.
You have a pair of horns on your head.


Message History

The magic dart hits you!
You slash the orc wizard!
The orc wizard is severely wounded.
You closely miss the leopard gecko. You block the leopard gecko's attack.
The orc wizard gestures at you while chanting.
The magic dart hits you!
* * * LOW HITPOINT WARNING * * *
You block the leopard gecko's attack. The orc closely misses you.
The orc wizard gestures at you while chanting.
You resist with some effort.
You barely miss the orc wizard.
The orc wizard is severely wounded.
You hit the leopard gecko. You slash the orc!
You kill the orc!
The orc wizard hits you with a dagger.
* * * LOW HITPOINT WARNING * * *
The leopard gecko closely misses you. The orc wizard casts a spell at you.
The magic dart hits you!
You die...

########
###########......#
.................#
#######'#######..#
# #.# #..# #
#####.# #.o# #
#...'.+ #.@# #
#.###.# #.l# # #.#
#.# #.g#
###'###.###
#..#####...
'..........
+)......g..
###+###.###
#.......#.# # #.#
#..####.# # .#
#..# .. # #... .


You could see an orc wizard, a leopard gecko and a hobgoblin.

Vanquished Creatures
  A scorpion (D:3)
  The ghost of Iko the Firebug, a weakling DDFE (D:3)
  An adder (D:3)
  An ooze (D:1)
  3 worms (D:2)
  A dart slug (D:1)
  2 leopard geckos
  3 orcs (D:3)
  8 bats
  2 giant cockroaches
  6 goblins (D:1)
  3 hobgoblins
  3 jackals (D:2)
  A quokka (D:3)
  A ball python (D:1)
  A frilled lizard (D:1)
  3 kobolds
  A leopard gecko skeleton (D:2)
  4 rats
46 creatures vanquished.

Notes
Turn   | Place    | Note
-------+----------+-------------------------------------------
     0 | D:1      | infcreate the Minotaur Fighter began the quest for the Orb.
     0 | D:1      | Reached XP level 1. HP: 19/19 MP: 0/0
   155 | D:1      | Reached XP level 2. HP: 27/27 MP: 1/1
   817 | D:1      | Reached XP level 3. HP: 33/33 MP: 2/2
  1498 | D:2      | Found a sparkling altar of Nemelex Xobeh.
  1499 | D:2      | Found a white marble altar of Elyvilon.
  1881 | D:3      | Noticed a scorpion
  1902 | D:3      | Killed a scorpion
  1902 | D:3      | Reached XP level 4. HP: 17/40 MP: 3/3
  1914 | D:3      | Noticed Iko's ghost (weakling DDFE)
  2106 | D:3      | Killed Iko's ghost
  2386 | D:3      | Killed from afar by an orc wizard

Skill      XL: |  1  2  3 |
---------------+----------+-----
Armour         | 4 |  4.5
Shields        | 4 |  4.6
Fighting       | 4 |  4.2
Axes           | 3 4 |  4.3

Action                   |  1- 3 |  4- 6 || total
-------------------------+-------+-------++-------
Melee: War axe           |   103 |    28 ||   131
       Headbutt          |    10 |     2 ||    12
  Eat: Ration            |     1 |       ||     1
       Chunk             |       |     1 ||     1
Armor: Scale mail        |    49 |     8 ||    57
Dodge: Dodged            |    22 |    12 ||    34
Block: Shield            |    63 |    18 ||    81
